 Dungeon Crawl Stone Soup version 0.30.1-4-g462c640d31 (webtiles) character file.

Game seed: 9416490574536334958

94 Gabide the Chiller (level 4, 0/35 HPs)
             Began as a Demigod Ice Elementalist on Sept 17, 2023.
             Slain by an ufetubus (3 damage)
             ... on level 4 of the Dungeon.
             The game lasted 00:02:20 (1842 turns).

Gabide the Chiller (Demigod Ice Elementalist)       Turns: 1842, Time: 00:02:21

Health: 0/35       AC:  3    Str:  9    XL:     4   Next: 16%
Magic:  6/10       EV: 12    Int: 21    God:
Gold:   58         SH:  0    Dex: 14    Spells: 6/7 levels left

rFire   . . .        a - +0 short sword
rCold   . . .        (no shield)
rNeg    . . .        c - +0 robe
rPois   .            (no helmet)
rElec   .            (no cloak)
rCorr   .            d - +0 pair of gloves
SInv    .            (no boots)
Will    .....        g - amulet of the acrobat
Stlth   ++           (no ring)
HPRegen 0.25/turn    (no ring)
MPRegen 0.12/turn

%: acrobat
@: no status effects
A: high MP 1, forlorn, divine attributes
a: no special abilities


You were on level 4 of the Dungeon.
You visited 1 branch of the dungeon, and saw 3 of its levels.

You collected 58 gold pieces.

Inventory:

Hand Weapons
 a - a +0 short sword (weapon)
Missiles
 k - 3 curare-tipped darts
Armour
 c - a +0 robe (worn)
 d - a +0 pair of gloves (worn)
Jewellery
 g - an amulet of the acrobat (around neck)
 h - a ring of fire
Scrolls
 i - a scroll of identify {unknown}
 j - a scroll of acquirement {unknown}
 m - a scroll of noise {unknown}
 n - a scroll of enchant weapon {unknown}
Potions
 b - a potion of magic
 e - a potion of heal wounds {unknown}
 f - a potion of might {unknown}
 l - a potion of curing


   Skills:
 + Level 1.4 Fighting
 + Level 2.4 Dodging
 + Level 2.5 Stealth
 + Level 2.3 Spellcasting
 + Level 4.0 Ice Magic


You had 6 spell levels left.
You knew the following spells:

 Your Spells              Type           Power      Damage    Failure   Level
a - Freeze                Ice            76%        1d8       2%          1

Your spell library contained the following spells:

 Spells                   Type           Power      Damage    Failure   Level
 Frozen Ramparts          Ice            38%        1d6       9%          3
 Ozocubu's Armour         Ice            19%        N/A       9%          3
 Summon Ice Beast         Ice/Summ       10%        N/A       52%         4


Dungeon Overview and Level Annotations

Branches:
Dungeon (2/15)


Innate Abilities, Weirdness & Mutations

You have an increased reservoir of magic. (+10% MP)
You shall have no god before yourself.
Your divine heritage dramatically boosts your attributes as you level up.


Message History

An ufetubus comes into view.
Found a scroll labelled ODEUMMUMIT.
The orc throws a silver boomerang.
The silver boomerang completely misses you.
An orc comes into view. It is wielding a +0 short sword.
A hobgoblin comes into view.
Found a stone staircase leading down.
The orc shouts!
The hobgoblin shouts!
The orc shouts!
You hear a shout!
The ufetubus shouts!
You can't see any susceptible monsters within range! (Use Z to cast anyway.)
Found 4 stones.
The orc misses you.
You freeze the orc.
The orc is lightly wounded.
The ufetubus hits you. The ufetubus barely misses you.
The orc hits you with a +2 short sword of venom.
You are poisoned.
The orc hits you with a +0 hand axe.
You freeze the orc.
You kill the orc!
You feel sick. The ufetubus closely misses you. The ufetubus barely misses you.
The ufetubus closely misses you. x2; The orc hits you with a +0 short sword.
The orc hits you with a +0 hand axe.
You freeze the orc.
The orc is heavily wounded.
You feel sick. The ufetubus closely misses you. The ufetubus barely misses you.
The orc hits you with a +0 hand axe. The orc closely misses you.
You freeze the orc.
You kill the orc!
You feel sick. The ufetubus barely misses you. The ufetubus hits you.
The orc hits you with a +0 hand axe. The ufetubus barely misses you.
The ufetubus closely misses you. The hobgoblin barely misses you.
The ufetubus attacks as you move away! The ufetubus hits you.
* * * LOW HITPOINT WARNING * * *
The ufetubus completely misses you.
You feel sick.
It was a potion of curing.
You feel better. The ufetubus hits you. The ufetubus closely misses you.
The orc hits you with a +0 hand axe.
* * * LOW HITPOINT WARNING * * *
The ufetubus hits you.
* * * LOW HITPOINT WARNING * * *
The ufetubus hits you.
You die...

(..>....# #.. #..##
........###.. #####...#
.........#.. ....#.#.##
........... #.....##
.........?# ###.....
......<...# #####...#..
......)...#####.......###
......)go.#.>.......### #
.......5@......###.## #
...........#.### #.#
..#......#...# ##.#
....##.###.### #..#
.....$. ...# ####.##
...#####!### #....# #. #.
#....# # #...## #####


You could see an orc, an ufetubus and a hobgoblin.

Vanquished Creatures
  3 adders (D:2)
  A worm (D:2)
  A dart slug (D:1)
  2 orcs (D:4)
  8 bats
  3 endoplasms (D:1)
  A giant cockroach (D:1)
  6 goblins
  7 hobgoblins
  6 jackals
  3 kobolds (D:1)
  10 ball pythons
  3 frilled lizards (D:1)
  3 rats
57 creatures vanquished.

Notes
Turn   | Place    | Note
-------+----------+-------------------------------------------
     0 | D:1      | Gabide the Demigod Ice Elementalist began the quest for the
                  | Orb.
     0 | D:1      | Reached XP level 1. HP: 14/14 MP: 5/5
   298 | D:1      | Reached XP level 2. HP: 21/22 MP: 5/7
   833 | D:1      | Reached XP level 3. HP: 27/27 MP: 4/8
  1184 | D:1      | Reached skill level 1 in Fighting
  1677 | D:2      | Reached skill level 4 in Ice Magic
  1677 | D:2      | Reached XP level 4. HP: 31/35 MP: 5/10
  1786 | D:2      | You fall into a shaft and drop 2 floors!
  1842 | D:4      | Slain by an ufetubus

Illustrated notes

Levels and vault maps discovered:
D:1:      wander_arrival_chamber, layout_basic
D:2:      layout_rooms, dreamdust_ecumenical_altar_statues, minmay_pentomino_q4
D:4:      layout_rooms, chequers_temple_overflow_statue_of_worship

Skill      XL: |  1  2  3 |
---------------+----------+-----
Stealth        | 2 |  2.5
Dodging        | 2 |  2.4
Spellcasting   | 2 |  2.3
Fighting       | 1 |  1.4
Ice Magic      | 4 |  4.0

Action                     |  1- 3 |  4- 6 || total
---------------------------+-------+-------++-------
  Melee: Short sword       |     4 |       ||     4
         Unarmed           |     1 |       ||     1
   Cast: Freeze            |    84 |     6 ||    90
    Use: Potion            |       |     1 ||     1
 Armour: Robe              |    18 |       ||    18
  Dodge: Dodged            |    63 |    18 ||    81
